 Dungeon Crawl Stone Soup version 0.8.0-a1-164-ge41dd81 character file.

9541 Gandelf the Slinger (level 11, -1/87 HPs)
             Began as a Deep Dwarf Berserker on Apr 18, 2011.
             Was a High Priest of Trog.
             Slain by an orc knight
             ... wielding a +0,+0 orcish halberd
              (10 damage)
             ... while paralysed
             ... on Level 3 of the Orcish Mines.
             The game lasted 01:07:50 (9820 turns).

Gandelf the Slinger (Deep Dwarf Berserker)          Turns: 9820, Time: 01:07:50

HP  -1/87        AC 11     Str 22 Exp: 11/12241 (0), need: 7843
MP   7/7         EV  2     Int  7      God: Trog [*****.]
Gold 973         SH  0     Dex 20      Spells:  0 memorised, 10 levels left

Res.Fire  : . . .   See Invis. : +   A - +3,+2 sling
Res.Cold  : . . .   Warding    : . . V - +0 ring mail
Life Prot.: . . .   Conserve   : .   (no shield)
Res.Acid. : . . .   Res.Corr.  : .   (no helmet)
Res.Poison: .       Clarity    : .   B - +1 cloak of the Thief {+Inv +Lev EV+2 Dex+ Res.Elec. : . Spirit.Shd : . b - +0 pair of orc gauntlets {Dex+3}
Sust.Abil.: . .     Stasis     : .   e - +2 pair of boots
Res.Mut.  : .       Ctrl.Telep.: .   (no amulet)
Res.Rott. : .       Levitation : .   (no ring)
Saprovore : . . .   Ctrl.Flight: .   (no ring)

@: paralysed, non-regenerating, quite resistant to hostile enchantments, quite
stealthy
A: sense surroundings 2, slow healing 3
a: Device Recharging, Burn Spellbooks, Berserk, Trog's Hand, Brothers in Arms,
Renounce Religion, Evoke Invisibility, Evoke Levitation


You were on level 3 of the Orcish Mines.
You worshipped Trog.
Trog was exalted by your worship.
You were not hungry.

You visited 3 branches of the dungeon, and saw 15 of its levels.

You collected 953 gold pieces.

Inventory:

Hand weapons
 a - a +0,+0 dwarven hand axe
 g - a +0,+0 club
 h - a +0,+0 dagger of distortion
 A - a +3,+2 sling (weapon)
 I - a +0,+0 bow
Missiles
 f - 7 exploding +0 darts {god gift}
 j - 46 +0 darts
 l - 20 silver +3 darts {god gift}
 q - 8 exploding +1 sling bullets {god gift}
 r - 5 +6 sling bullets (quivered)
 u - 11 poisoned +0 needles
 z - 7 +0 sling bullets of flame {god gift}
 G - 30 +0 arrows
 L - 11 exploding +0 sling bullets
 O - 24 silver +0 sling bullets
 Q - 37 +0 sling bullets
 R - 23 +4 arrows
 S - 2 poisoned +0 darts
 T - 8 +0 darts of flame {god gift}
 U - 2 +0 throwing nets
 X - 17 +3 arrows of dispersal
 Y - 11 +0 arrows of dispersal
Armour
 b - a +0 pair of orcish gauntlets of dexterity (worn)
 e - a +2 pair of boots (worn)
 B - the +1 cloak of the Thief (worn) {+Inv +Lev EV+2 Dex+2 Dam-3 SInv Stlth++}
   (You found it on level 6 of the Dungeon)

   It affects your evasion (+2).
   It affects your dexterity (+2).
   It affects your damage-dealing abilities (-3).
   It enhances your eyesight.
   It lets you turn invisible.
   It lets you levitate.
   It makes you much more stealthy.
   It allows its wearer to excel in the arts of thievery.
 V - a +0 ring mail (worn)
Magical devices
 c - a wand of healing (1)
 y - a wand of fire (5) {unknown}
 E - a wand of healing (0)
 Z - a wand of frost (0)
Comestibles
 i - a choko
Scrolls
 d - a scroll of fear {unknown}
 p - a scroll of curse armour {unknown}
 w - 2 scrolls of teleportation
 F - 2 scrolls of detect curse
 H - 2 scrolls of blinking
 J - a scroll of remove curse
 K - 3 scrolls of identify {unknown}
Jewellery
 N - an uncursed ring of sustenance {unknown}
 W - an uncursed ring of magical power {unknown}
Potions
 m - a potion of paralysis {unknown}
 n - a potion of agility {unknown}
 o - 3 potions of heal wounds
 s - a potion of cure mutation
 t - 4 potions of restore abilities
 v - 3 potions of healing
 x - a potion of brilliance
 C - a potion of magic
 D - a potion of resistance {unknown}
 M - 4 potions of speed {unknown}
 P - a potion of mutation {unknown} You had 0 experience left.


   Skills:
 + Level 3 Fighting
 + Level 5 Axes
 + Level 13 Slings
 + Level 4 Throwing
 + Level 4 Armour
 + Level 6 Dodging
 + Level 3 Stealth


You had 10 spell levels left.
You didn't know any spells.

Dungeon Overview and Level Annotations

Branches:
Dungeon (10/27)            Temple (1/1) D:4             Orc (4/4) D:9
    Elf (0/5) Orc:3
   Lair: D:8-13

Altars:
Ashenzari
Cheibriados
Elyvilon
Fedhas
Kikubaaqudgha
Makhleb
Nemelex Xobeh
Okawaru
Sif Muna
The Shining One
Trog
Vehumet
Xom
Yredelemnul
Zin
Beogh

Shops:
D:6: =


Innate Abilities, Weirdness & Mutations

You are resistant to damage.
You can recharge devices by infusing magical energy.
You passively map the area around you.
You do not heal naturally.


Message History

The warg zombie bites you but does no damage.
The warg zombie claws you but does no damage.
Helpless, you fail to dodge the warg zombie's attack.
The warg zombie claws you but does no damage.
Helpless, you fail to dodge the orc knight's attack.
The orc knight hits you with an orcish halberd!
You die...

## ##.##**
#..(##.##
##.##oo.....#*
#...Z@oz.#,
#.#..#oo.......
.$.. .o...$..#
, ##.#
.##....### , #
##* ##### *


You could see an orc knight, a warg zombie, an orc sorcerer, 4 orcs and an orc
zombie.

Vanquished Creatures
  Gastronok (Orc:2)
  Erolcha (Orc:2)
  Joseph (D:7)
  The ghost of gruevy the Spear-Bearer, an experienced MfCr (D:6)
  An elephant (D:7)
  Psyche (Orc:2)
  A troll (D:10)
  2 giant toads (D:9)
  Edmund (D:5)
  4 yaks (D:10)
  2 hungry ghosts (D:9)
  A necrophage (D:9)
  An ice beast (D:7)
  5 orc warriors
  2 phantoms
  7 ogres
  A warg (Orc:3)
  2 centaurs
  The ghost of Snowclone the Ruinous, an average HEWz (D:4)
  4 giant frogs
  An imp (D:9)
  A hound skeleton (D:9)
  5 orc priests
  9 orc wizards
  4 hounds
  2 hound zombies
  3 scorpions
  A worker ant zombie (D:7)
  An iguana (D:7)
  4 worker ants
  2 jellies
  6 snakes
  2 gnolls (D:7)
  4 green rats (Orc:2)
  2 giant mites
  An iguana skeleton (D:7)
  A snake skeleton (D:7)
  A snake zombie (D:6)
  5 worms
  2 giant eyeballs
  2 oozes
  81 orcs
  6 giant cockroaches
  17 goblins
  5 grey rats (Orc:2)
  21 hobgoblins
  25 megabats
  A small snake (D:1)
  3 giant geckos
  A giant gecko zombie (D:6)
  11 giant newts
  2 giant spores (D:9)
  10 jackals
  16 kobolds
  11 quokkas
  16 rats
  A rat zombie (D:7)
  7 ballistomycetes (D:9)
333 creatures vanquished.

Vanquished Creatures (collateral kills)
  A giant frog (D:9)
  A quasit (D:9)
  3 orcs (D:9)
5 creatures vanquished.

Vanquished Creatures (others)
  A small abomination (D:9)
  An orc wizard (D:9)
  4 orcs
  2 rats
  3 toadstools
11 creatures vanquished.

Grand Total: 349 creatures vanquished

Notes
Turn   | Place    | Note
--------------------------------------------------------------
     0 | D:1      | Gandelf, the Deep Dwarf Berserker, began the quest for the Orb.
     0 | D:1      | Reached XP level 1. HP: 16/16 MP: 0/0
   151 | D:1      | Reached XP level 2. HP: 19/22 MP: 1/1
   287 | D:1      | Reached skill level 1 in Slings
   695 | D:1      | Acquired Trog's second power
   980 | D:2      | Reached XP level 3. HP: 23/30 MP: 2/2
  1297 | D:2      | Reached XP level 4. HP: 20/36 MP: 3/3
  1764 | D:3      | Reached XP level 5. HP: 20/44 MP: 4/4
  1780 | D:3      | Reached skill level 1 in Stealth
  1791 | D:3      | Found a burning altar of Makhleb.
  1856 | D:3      | Reached skill level 4 in Slings
  1871 | D:3      | Reached skill level 5 in Slings
  2330 | D:3      | Acquired Trog's third power
  2340 | D:3      | Reached skill level 6 in Slings
  2559 | D:4      | Noticed Snowclone's ghost (average HEWz)
  2585 | D:4      | Defeated Snowclone's ghost
  2585 | D:4      | Reached XP level 6. HP: 30/50 MP: 5/5
  2625 | D:4      | Reached skill level 1 in Throwing
  2756 | D:4      | Found a staircase to the Ecumenical Temple.
  2833 | Temple   | Entered the Ecumenical Temple
  3365 | D:5      | Entered Level 5 of the Dungeon
  3702 | D:5      | Reached XP level 7. HP: 36/57 MP: 5/5
  3855 | D:5      | Noticed Edmund
  3870 | D:5      | Defeated Edmund
  4026 | D:5      | Reached skill level 7 in Slings
  4328 | D:5      | Reached skill level 8 in Slings
  4339 | D:5      | Found a glowing golden altar of the Shining One.
  4416 | D:6      | Noticed gruevy's ghost (experienced MfCr)
  4434 | D:6      | Defeated gruevy's ghost
  4434 | D:6      | Reached XP level 8. HP: 64/64 MP: 6/6
  4451 | D:6      | Received a gift from Trog
  4618 | D:6      | Reached skill level 9 in Slings
  4846 | D:6      | Found a white marble altar of Elyvilon.
  5027 | D:6      | Got a tattered cloak
  5031 | D:6      | Identified the +1 cloak of the Thief (You found it on level 6 of the Dungeon)
  5060 | D:6      | Found Puoto's Jewellery Boutique.
  5652 | D:7      | Reached skill level 10 in Slings
  5867 | D:7      | Received a gift from Trog
  6019 | D:7      | Gained mutation: You passively map the area around you.
  6019 | D:7      | Reached XP level 9. HP: 53/71 MP: 7/7
  6124 | D:7      | Noticed Joseph
  6147 | D:7      | Defeated Joseph
  6376 | D:8      | Reached skill level 11 in Slings
  6645 | D:7      | Paralysed by a giant eyeball for 2 turns
  6680 | D:7      | You fall through a shaft!
  6680 | D:10     | Entered Level 10 of the Dungeon
  7005 | D:10     | Reached XP level 10. HP: 53/80 MP: 8/8
  7007 | D:10     | Reached skill level 5 in Axes
  7057 | D:10     | Paralysed by a giant eyeball for 4 turns
  7291 | D:9      | Reached skill level 12 in Slings
  7302 | D:9      | Found a basalt altar of Yredelemnul.
  7417 | D:9      | Found a white marble altar of Elyvilon.
  7570 | D:9      | Identified a scroll of acquirement
  7682 | D:9      | Found a staircase to the Orcish Mines.
  8417 | D:9      | Received a gift from Trog
  8716 | Orc:1    | Entered Level 1 of the Orcish Mines
  8751 | Orc:1    | Received a gift from Trog
  8757 | Orc:1    | Reached skill level 13 in Slings
  8846 | Orc:1    | Found a roughly hewn altar of Beogh.
  9021 | Orc:1    | Received a gift from Trog
  9059 | Orc:2    | Noticed Erolcha
  9070 | Orc:2    | Defeated Erolcha
  9147 | Orc:2    | Noticed Gastronok
  9147 | Orc:2    | Noticed Psyche
  9155 | Orc:2    | Defeated Psyche
  9158 | Orc:2    | Reached skill level 5 in Dodging
  9326 | Orc:2    | Defeated Gastronok
  9326 | Orc:2    | Reached XP level 11. HP: 8/87 MP: 8/8
  9636 | Orc:2    | Received a gift from Trog
  9745 | Orc:3    | Found a staircase to the Elven Halls.
  9795 | Orc:4    | Entered Level 4 of the Orcish Mines
  9817 | Orc:3    | Paralysed by an orc sorcerer for 6 turns
  9820 | Orc:3    | Slain by an orc knight
